 Dungeon Crawl Stone Soup version 0.27-a0-789-g6bb3289e1e (webtiles) character file.

Game seed: 9826520969222934121

21 kingj the Caller (level 2, -1/16 HPs)
             Began as a Deep Elf Summoner on Mar 27, 2021.
             Slain by a hobgoblin (5 damage)
             ... on level 1 of the Dungeon.
             The game lasted 00:04:06 (1213 turns).

kingj the Caller (Deep Elf Summoner)                Turns: 1213, Time: 00:04:07

Health: -1/16      AC:  2    Str:  5    XL:     2   Next: 65%
Magic:  6/8        EV: 12    Int: 19    God:
Gold:   34         SH:  0    Dex: 15    Spells: 4/7 levels left

rFire    . . .     SeeInvis .   b - +0 short sword
rCold    . . .     Faith    .   (no shield)
rNeg     . . .     Spirit   .   a - +0 robe
rPois    .         Reflect  .   (no helmet)
rElec    .         Harm     .   (no cloak)
rCorr    .         Rampage  .   (no gloves)
Will     .....                  (no boots)
Stlth    ++........             (no amulet)
HPRegen  0.05/turn              (no ring)
MPRegen  0.11/turn              (no ring)

@: no status effects
A: no striking features
a: no special abilities


You were on level 1 of the Dungeon.
You visited 1 branch of the dungeon, and saw 1 of its levels.

You collected 34 gold pieces.

Inventory:

Hand Weapons
 b - a +0 short sword (weapon)
Armour
 a - a +0 robe (worn)
Scrolls
 c - a scroll of blinking {unknown}
 d - a scroll of vulnerability {unknown}
Potions
 e - 2 potions of heal wounds {unknown}


   Skills:
 + Level 0.5 Fighting
 + Level 0.1 Short Blades
 + Level 2.6 Dodging
 + Level 2.4 Stealth
 + Level 3.1 Spellcasting
 + Level 4.9 Summonings


You had 4 spell levels left.
You knew the following spells:

 Your Spells              Type           Power      Damage    Failure   Level
a - Summon Small Mammal   Summ           84%        N/A       1%          1
b - Call Imp              Summ           21%        N/A       3%          2

Your spell library contained the following spells:

 Spells                   Type           Power      Damage    Failure   Level
 Call Canine Familiar     Summ           21%        N/A       6%          3
 Summon Guardian Golem    Hex/Summ       12%        N/A       16%         3
 Summon Ice Beast         Ice/Summ       12%        N/A       47%         4
 Summon Lightning Spire   Summ/Air       12%        N/A       47%         4


Dungeon Overview and Level Annotations

Branches:
Dungeon (1/15)

Altars:


Message History

The ball python dies!
Magic restored.
Your white imp disappears in a puff of smoke!
You now have 22 gold pieces (gained 10).
You now have 34 gold pieces (gained 12).
e - 2 orange potions (gained 1)
A bat comes into view.
A bat is nearby!
The bat hits you but does no damage. The bat closely misses you.
You hit the bat.
You kill the bat!
A hobgoblin comes into view.
A hobgoblin is nearby!
The helpless hobgoblin fails to defend itself.
You hit the hobgoblin.
The hobgoblin is moderately wounded.
The hobgoblin barely misses you.
You closely miss the hobgoblin.
The hobgoblin is moderately wounded.
The hobgoblin hits you but does no damage.
You hit the hobgoblin.
The hobgoblin is almost dead.
The hobgoblin closely misses you. The hobgoblin barely misses you.
You hit the hobgoblin.
You kill the hobgoblin!
You see here a hobgoblin corpse.
A hobgoblin comes into view.
The hobgoblin shouts!
The hobgoblin hits you.
A quokka comes into view.
You closely miss the hobgoblin. The hobgoblin hits you.
You barely miss the hobgoblin. The hobgoblin hits you.
* * * LOW HITPOINT WARNING * * *
You closely miss the hobgoblin. The hobgoblin barely misses you.
Casting: Call Imp (safe; 3% risk of failure)
Confirm with . or Enter, or press ? or * to list all spells.
A beastly little devil appears in a puff of flame.
The hobgoblin hits you.
You die...

.........#..#....##.#.....#
#.#
##....####..........#.....#
##..
##.........##........######
#... .....###########.###.#
##.. ⌠....# ##...##.######
##. ..#.## #............#
#. ..# ##.5..#.####.# #.
..# #####..#.#.# #.# #. ⌠.#
#.....@....# #.######. ..#
#.###.g..### #..†..... ###
##r### ######### #.# #.#
#......# .......## .###.#.
#.#.


You could see a quokka, a hobgoblin (ally target) and a friendly crimson imp
(summoned).

Vanquished Creatures
  2 ball pythons (D:1)
  An endoplasm (D:1)
  2 hobgoblins (D:1)
  A quokka (D:1)
  4 bats (D:1)
  2 frilled lizards (D:1)
  A rat (D:1)
13 creatures vanquished.

Vanquished Creatures (collateral kills)
  A dart slug (D:1)
  A bat (D:1)
  2 endoplasms (D:1)
  2 kobolds (D:1)
  A quokka (D:1)
  A ball python (D:1)
  A rat (D:1)
9 creatures vanquished.

Grand Total: 22 creatures vanquished

Notes
Turn   | Place    | Note
-------+----------+-------------------------------------------
     0 | D:1      | kingj the Deep Elf Summoner began the quest for the Orb.
     0 | D:1      | Reached XP level 1. HP: 10/10 MP: 6/6
   326 | D:1      | Reached XP level 2. HP: 13/15 MP: 4/8
   386 | D:1      | Learned a level 2 spell: Call Imp
  1213 | D:1      | Slain by a hobgoblin

Illustrated notes

Levels and vault maps discovered:
D:1:      scummos_arrival_simple_fountains, layout_loops_cross

Action                   || total
-------------------------++-------
Melee: Short sword       ||    49
       Unarmed           ||     1
 Cast: Summon Small Mamm ||    12
       Call Imp          ||     3
 Stab: Sleeping          ||     3
Armor: Robe              ||    10
Dodge: Dodged            ||    36

Table legend: (Time is in decaauts)
 A = Elapsed time spent in this place.
 B = Non-inter-level travel time spent in this place.
 C = Inter-level travel time spent in this place.
 D = Time resting spent in this place.
 E = Time spent auto-exploring this place.
 F = Levels seen in this place.
 G = Mean time per level.
                   A        B        C        D        E       F      G
               +--------+--------+--------+--------+--------+-----+--------+
         Total |   1217 |   1217 |      0 |    563 |    396 |   1 | 1217.0 |
       Dungeon |   1217 |   1217 |      0 |    563 |    396 |   1 | 1217.0 |
               +--------+--------+--------+--------+--------+-----+--------+

Top non-repeatable levels by time:
     D:1: 1217 daAuts
